 Dungeon Crawl Stone Soup version 0.31.0-12-g77e489cdc1 (webtiles) character file.

Game seed: 7654087614465316240

95 Silvore the Covered (level 4, -2/35 HPs)
             Began as a Demonspawn Fighter on Feb 13, 2024.
             Slain by a water moccasin (3 damage)
             ... on level 3 of the Dungeon.
             The game lasted 00:02:50 (2058 turns).

Silvore the Covered (Demonspawn Fighter)            Turns: 2058, Time: 00:02:51

Health: -2/35      AC:  8    Str: 23    XL:     4   Next: 39%
Magic:  1/1        EV:  9    Int:  8    God:
Gold:   97         SH:  5    Dex: 16    Spells: 3/3 levels left

rFire   . . .        n - +3 falchion of Bile {antimagic, *Noise +Blink Str+5 Dex+3}
rCold   . . .        c - +0 buckler
rNeg    . . .        b - +0 scale mail
rPois   .            (helmet restricted)
rElec   .            (no cloak)
rCorr   .            (no gloves)
SInv    .            m - +0 pair of boots
Will    .....        (no amulet) Stlth
                     (no ring)
HPRegen 0.25/turn    (no ring)
MPRegen 0.07/turn

%: no passive effects
@: lethally poisoned (-2 -> -25)
A: horns 1, weakness stinger 1
a: Evoke Blink


You were on level 3 of the Dungeon.
You visited 1 branch of the dungeon, and saw 3 of its levels.

You collected 97 gold pieces.

Inventory:

Hand Weapons
 a - a +0 long sword
 n - the +3 falchion of Bile (weapon) {antimagic, *Noise +Blink Str+5 Dex+3}
   (You found it on level 2 of the Dungeon)

   Str+5:     It affects your strength (+5).
   Dex+3:     It affects your dexterity (+3).
   +Blink:    It lets you blink.
   *Noise:    It may make a loud noise when swung.
Armour
 b - a +0 scale mail (worn)
 c - a +0 buckler (worn)
 m - a +0 pair of boots (worn)
Scrolls
 e - 2 scrolls of identify
 h - a scroll of immolation {unknown}
Potions
 d - a potion of might
 f - a potion of resistance {unknown}
 g - a potion of enlightenment {unknown}
 i - a potion of lignification {unknown}
 j - 2 potions of mutation
 o - a potion of heal wounds {unknown}


   Skills:
 + Level 3.4 Fighting
 + Level 2.8 Long Blades
 + Level 3.4 Armour
 + Level 0.4 Dodging
 + Level 3.1 Shields


You had 3 spell levels left.
You didn't know any spells.
Your spell library contained the following spells:

 Spells                   Type           Power      Damage    Failure   Level
 Kiss of Death            Conj/Necr      0%         2d5       78%         1
 Sandblast                Erth           0%         2d4       78%         1
 Confusing Touch          Hex            0%         N/A       98%         3
 Passwall                 Erth           0%         N/A       98%         3
 Stone Arrow              Conj/Erth      0%         3d7       98%         3
 Brom's Barrelling Bould  Conj/Erth      0%         2d3       100%        4
 Dispel Undead            Necr           0%         3d6       100%        4


Dungeon Overview and Level Annotations

Branches:
Dungeon (3/15)

Altars:

Shops:
D:1 :   D:2 !


Innate Abilities, Weirdness & Mutations

You have a pair of small horns on your head.
You have a small tail.


Message History

The water moccasin attacks as it pursues you!
You block the water moccasin's attack.
You closely miss the water moccasin.
Your tail-slap misses the water moccasin.
The water moccasin barely misses you. You block the water moccasin's attack.
You closely miss the water moccasin.
Your headbutt misses the water moccasin.
The water moccasin bites you.
You are poisoned.
The water moccasin poisons you!
You slash the water moccasin!
Your headbutt misses the water moccasin.
You tail-slap the water moccasin!
The water moccasin is heavily wounded.
You feel very sick. You block the water moccasin's attack.
The water moccasin barely misses you.
You closely miss the water moccasin.
Your headbutt misses the water moccasin.
The water moccasin is heavily wounded.
You feel very sick. The water moccasin bites you!
You are more poisoned.
The water moccasin poisons you!
You hit the water moccasin.
Your tail-slap misses the water moccasin.
The water moccasin is heavily wounded.
You feel very sick. The water moccasin bites you!
* * * LOW HITPOINT WARNING * * *
You are more poisoned.
The water moccasin poisons you! You block the water moccasin's attack.
You barely miss the water moccasin.
Your falchion of Bile howls like a wolf.
Your headbutt misses the water moccasin.
The water moccasin is heavily wounded.
* * * LOW HITPOINT WARNING * * *
You feel extremely sick.
You hear an angry hiss.
The water moccasin bites you.
You die...

##########
#........#
#........#
#>.......##
#.........#####
#.......@S..).#
####.######.......
#..#...........
###†............
##..##...........
###8..8#...........
#...>.....#####..[.
#.......#..# ####
#.#8..8###.#


You could see a water moccasin.

Vanquished Creatures
  3 adders
  A dart slug (D:2)
  2 ribbon worms
  4 ball pythons
  6 endoplasms
  4 giant cockroaches (D:1)
  3 goblins
  8 hobgoblins
  6 jackals
  2 kobolds
  3 quokkas
  5 bats
  2 frilled lizards (D:1)
  5 rats
54 creatures vanquished.

Notes
Turn   | Place    | Note
-------+----------+-------------------------------------------
     0 | D:1      | Silvore the Demonspawn Fighter began the quest for the Orb.
     0 | D:1      | Reached XP level 1. HP: 18/18 MP: 1/1
   170 | D:1      | Discovered your monstrous ancestry.
   170 | D:1      | Gained mutation: You have a small tail. [demonic ancestry]
   170 | D:1      | Reached XP level 2. HP: 19/24 MP: 2/2
   515 | D:1      | Found a faded altar of an unknown god.
   901 | D:1      | Reached XP level 3. HP: 25/29 MP: 3/3
  1004 | D:1      | Found Domuojomum's Book Shoppe.
  1260 | D:2      | Found Xienluadde's Distillery.
  1684 | D:2      | Gained mutation: You have a pair of small horns on your
                  | head. [demonic ancestry]
  1684 | D:2      | Reached XP level 4. HP: 35/35 MP: 4/4
  1692 | D:2      | Identified the +3 falchion of Bile {antimagic, *Noise
                  | +Blink Str+5 Dex+3}
  2049 | D:3      | Noticed a water moccasin
  2058 | D:3      | HP: 1/35 [poisoned by a water moccasin]
  2058 | D:3      | Slain by a water moccasin

Illustrated notes

Levels and vault maps discovered:
D:1:      roderic_octagonal_star, layout_loops_corners,
          shapermc_ecumenical_altar_totnotflames, serial_shops,
          nicolae_shop_tiny_waterfront, minmay_pentomino_v4
D:2:      layout_basic, serial_shops, nicolae_shop_industrial_runoff
D:3:      layout_rooms, st_stairs_6

Skill      XL: |  1  2 |
---------------+-------+-----
Armour         | 3 |  3.4
Long Blades    | 2 |  2.8
Shields        | 3 |  3.1
Fighting       | |  3.4
Dodging        | |  0.4

Action                     |  1- 3 |  4- 6 || total
---------------------------+-------+-------++-------
  Melee: Long sword        |   169 |     5 ||   174
         Tailslap          |    16 |     4 ||    20
         Falchion          |       |    21 ||    21
         Headbutt          |       |     1 ||     1
    Use: Scroll            |     1 |     4 ||     5
 Armour: Scale mail        |   116 |    20 ||   136
  Dodge: Dodged            |    94 |     8 ||   102
  Block: Buckler           |    53 |     7 ||    60
